AoeStats
← Voglwildling

Scandinavia

510282734Analyzed
1v1 RM · 1d ago on Sep 30, 2026· 43m 17s· 2 players
Game mode
Random Map
Map size
Tiny (2 player)
Population
200
Speed
Normal
Resources
Standard
Victory
Conquest
Starting age
Dark Age
Ending age
Imperial Age
RankedLock teamsTeams togetherTeam positionsShared explorationLock speedFull tech treeHidden civsTurbo modeCheats
Victory
Defeat
🇮🇳 Hindustanis · India
900
+17
🇩🇪 Tatars · Germany
924
-17
Naghadatha
1:05 Loom
15:32 Feudal Age
20:13 Castle Age
18:04 Double-Bit Axe
19:19 Stone Mining
20:59 Husbandry
21:13 Bloodlines
26:50 Scale Mail Armor
26:39 Arson
26:58 Squires
27:06 Fishing Lines
37:40 Imperial Age
35:49 Wheelbarrow
35:57 Grand Trunk Road
35:57 Gold Mining
36:35 Forging
36:31 Scale Barding Armor
38:12 Ballistics
38:05 Masonry
38:24 Hand Cart
39:00 Conscription
39:54 Shatagni
41:19 Fletching
43:26 Chemistry
42:41 Heavy Camel Rider
43:24 Bodkin Arrow
Voglwildling
11:05 Feudal Age
13:24 Fletching
13:58 Double-Bit Axe
16:24 Castle Age
18:38 Bow Saw
18:46 Loom
21:38 Bodkin Arrow
21:44 Padded Archer Armor
23:42 Ballistics
23:30 Gold Mining
25:10 Husbandry
27:13 Leather Archer Armor
Connection lost

Rejoining the realm…

Still unreachable

The connection could not be restored.

Session expired

The server has moved on; the page needs a fresh start.